 Dungeon Crawl Stone Soup version 0.15.2 (webtiles) character file.

146 Huymann the Sneak (level 5, -4/25 HPs)
             Began as a Spriggan Conjurer on Feb 5, 2015.
             Killed by divine providence
             ... invoked by an orc priest
              (9 damage)
             ... on Level 3 of the Dungeon.
             The game lasted 00:15:52 (3613 turns).

Huymann the Sneak (Spriggan Conjurer)               Turns: 3613, Time: 00:15:52

HP  -4/25        AC  3     Str  5      XL: 5   Next:  7%
MP  12/17        EV 18     Int 17      God:
Gold 53          SH  5     Dex 16      Spells:  1 memorised, 10 levels left

rFire  . . .     SeeInvis +     m - +3 dagger
rCold  . . .     Clarity  .     a - +1 robe
rNeg   . . .     rCorr    .     f - +0 buckler
rPois  .         rRot     .     (helmet restricted)
rElec  .         Spirit   .     (no cloak)
SustAb .         Warding  .     (gloves unavailable)
rMut   .         Stasis   .     (boots unavailable)
Gourm  .                        (no amulet)
MR     .....                    (no ring)
                                (no ring)

@: very quick, not resistant to hostile enchantments, fairly stealthy
A: unfitting armour, see invisible, herbivore 3, speed 3, slow metabolism 2
a: no special abilities


You were on level 3 of the Dungeon.
You were not hungry.

You visited 1 branch of the dungeon, and saw 3 of its levels.

You collected 53 gold pieces.

Inventory:

Hand weapons
 e - a +0 dagger
 m - a +3 dagger (weapon)
Missiles
 h - 17 poisoned needles
Armour
 a - a +1 robe (worn)
 f - a +0 buckler (worn)
 n - a +0 robe
Comestibles
 j - 2 bread rations
Scrolls
 k - a scroll of teleportation
 l - a scroll of enchant weapon {unknown}
Jewellery
 d - an uncursed ring of protection from cold {unknown}
 i - a cursed ring of loudness {unknown}
Potions
 b - a potion of porridge
 g - 2 potions of brilliance {unknown}
Books
 c - a book of Conjurations

   Spells                             Type                      Level
   *Magic Dart                        Conjuration                  1
   Searing Ray                        Conjuration                  2
   Dazzling Spray                     Conjuration/Hexes            3
   Fulminant Prism                    Conjuration/Hexes            4
   Iskenderun's Mystic Blast          Conjuration                  4
   Iskenderun's Battlesphere          Conjuration/Charms           5


   Skills:
 * Level 1.3 Fighting
 * Level 1.4 Short Blades
 + Level 3.7 Dodging
 * Level 4.2 Stealth
 + Level 0.2 Shields
 * Level 3.9 Spellcasting
 * Level 3.4 Conjurations


You had 10 spell levels left.
You knew the following spells:

 Your Spells              Type           Power        Failure   Level  Hunger
a - Magic Dart            Conj           ##..         6%          1    None


Dungeon Overview and Level Annotations

Branches:
Dungeon (3/15)

Altars:


Innate Abilities, Weirdness & Mutations

You are tiny and cannot use many weapons and most armour.
You have supernaturally acute eyesight.
You are a herbivore.
You cover ground extremely quickly.
You need consume almost no food.


Message History

Press: ? - help, Shift-Dir - straight line, f/p - orc priest
Aim: an orc priest, wielding a trident (heavily wounded)
The magic dart hits the orc priest.
The orc priest is heavily wounded.
Casting: Magic Dart
Confirm with . or Enter, or press ? or * to list all spells.
Aiming: Magic Dart
Press: ? - help, Shift-Dir - straight line, f/p - orc priest
Aim: an orc priest, wielding a trident (heavily wounded)
The magic dart hits the orc priest.
The orc priest is severely wounded.
The orc priest misses you.
The orc priest invokes the aid of Beogh against you.
Something smites you!
* * * LOW HITPOINT WARNING * * *
You hit the orc priest.
The orc priest is almost dead.
The orc priest mumbles some strange prayers to Beogh against you.
Something smites you!
You die...

####'######## ... #.)......#
#..## . #........# #..#....
####........## #..#.....
....%......... ...#......
#%#####.###### ..#.....(# #.#
#.# #.#......# #.#
#.###########........# #'##
#.........@o.).......##
...################.)........
.%................#%#..##....
..................#.#..#
........###########.#..#
....###.#<..........#...
#.#.# #.#######.#####...#
#.#.# #.........# .#..
#.#.###......##.# .#..


You could see an orc priest.

Vanquished Creatures
  An orc wizard (D:3)
  3 gnolls (D:2)
  3 adders
  A giant gecko (D:1)
  An ooze (D:2)
  4 orcs (D:3)
  5 giant cockroaches
  5 hobgoblins
  2 ball pythons (D:2)
  6 bats
  3 giant newts
  4 goblins
  7 jackals
  5 kobolds
  A quokka (D:3)
  7 rats
58 creatures vanquished.

Notes
Turn   | Place    | Note
--------------------------------------------------------------
     0 | D:1      | Huymann, the Spriggan Conjurer, began the quest for the Orb.
     0 | D:1      | Reached XP level 1. HP: 9/9 MP: 4/4
   378 | D:1      | Reached XP level 2. HP: 13/13 MP: 0/7
  1389 | D:2      | Reached XP level 3. HP: 15/17 MP: 4/11
  2201 | D:2      | Reached XP level 4. HP: 21/21 MP: 3/13
  2337 | D:2      | Reached skill level 1 in Fighting
  2337 | D:2      | Reached skill level 4 in Stealth
  3023 | D:3      | Reached skill level 1 in Short Blades
  3429 | D:3      | Reached XP level 5. HP: 9/25 MP: 6/17
  3613 | D:3      | Killed from afar by an orc priest

Action                   |  1- 3 |  4- 6 || total
-------------------------+-------+-------++-------
Melee: Dagger            |    61 |    37 ||    98
 Cast: Magic Dart        |    81 |    59 ||   140
  Use: Scroll            |     5 |       ||     5
 Stab: Sleeping          |     4 |       ||     4
